 Dungeon Crawl Stone Soup version 0.21-a0-229-g3587535 (webtiles) character file.

168 Pippin the Sneak (level 5, -3/32 HPs)
             Began as a Kobold Wanderer on Sept 1, 2017.
             Killed from afar by a white imp (12 damage)
             ... with a puff of frost
             ... summoned by Natasha
             ... on level 2 of the Dungeon.
             The game lasted 00:06:50 (2309 turns).

Pippin the Sneak (Kobold Wanderer)                  Turns: 2309, Time: 00:06:51

Health: -3/32      AC:  6    Str: 13    XL:     5   Next: 78%
Magic:  5/5        EV: 14    Int: 11    God:
Gold:   9          SH:  0    Dex: 14    Spells: 4/4 levels left

rFire    . . .     SeeInvis .   f - +2 quarterstaff (chaos)
rCold    . . .     Gourm    .   (shield currently unavailable)
rNeg     . . .     Faith    .   a - +2 leather armour
rPois    .         Spirit   .   (no helmet)
rElec    .         Reflect  .   v - +0 cloak
rCorr    .         Harm     +   (no gloves)
MR       .....                  (no boots)
Stlth    ++........             h - amulet of harm
HPRegen  0.10/turn              (no ring)
MPRegen  0.09/turn              (no ring)

@: no status effects
A: carnivore 3
a: no special abilities


You were on level 2 of the Dungeon.
You were completely stuffed.

You visited 1 branch of the dungeon, and saw 2 of its levels.

You collected 9 gold pieces.

Inventory:

Hand Weapons
 f - a +2 quarterstaff of chaos (weapon)
Armour
 a - a +2 leather armour (worn)
 v - a +0 cloak (worn)
Jewellery
 h - an amulet of harm (around neck)
 m - an uncursed amulet of the gourmand {unknown}
 q - an uncursed amulet of guardian spirit {unknown}
Scrolls
 c - 2 scrolls of teleportation
 e - a scroll of remove curse {unknown}
 i - a scroll of enchant armour {unknown}
 j - a scroll of amnesia {unknown}
 k - 2 scrolls of identify {unknown}
 l - a scroll of recharging {unknown}
 o - 2 scrolls of fog {unknown}
 p - a scroll of enchant weapon {unknown}
 r - 2 scrolls of noise {unknown}
 t - a scroll of fear {unknown}
Potions
 n - 2 potions of curing {unknown}
 u - a potion of heal wounds {unknown}
Comestibles
 d - a meat ration
 g - 2 royal jellies
 s - 8 chunks of flesh


   Skills:
 - Level 3.2 Fighting
   Level 4.0 Short Blades
 * Level 3.6 Staves
 - Level 2.4 Dodging
 + Level 4.2 Stealth
   Level 1.0 Shields


You had 4 spell levels left.
You didn't know any spells.

Dungeon Overview and Level Annotations

Branches:
Dungeon (2/15)

Altars:

Annotations:
D:2 Natasha


Innate Abilities, Weirdness & Mutations

You are small and have problems with some larger weapons.
You are carnivorous and can eat meat at any time.


Message History

Wear which item? (? for menu, Esc to quit)
You start putting on your armour.
You continue putting on your cloak. x4
You finish putting on your +0 cloak.
There is an open door here.
You see here a +0 quarterstaff.
Found a short glowing staff.
Natasha, Servant of Life and Death comes into view.
Natasha casts a spell.
You thump Natasha! You freeze Natasha.
Natasha is severely wounded.
Natasha mumbles some strange words.
You closely miss Natasha.
Natasha is severely wounded.
Natasha claws you. The shadow imp gestures at you.
Pain shoots through your body!
* * * LOW HITPOINT WARNING * * *
The white imp gestures at you. The puff of frost hits you!
You die...

#...........#
#.###.......##♣♣♣♣♣
#.#
#.####...#..♣.♣♣♣
#.###.# #.......♣..♣
# #.....#
#......♣♣♣♣.
##'##########...#.♣♣
♣♣
#.....5........##♣♣
#..........#####
#.....h@...#
#.....5....#
#..........#
#..........#
#............
#......|......
#..............
#..............


You could see Natasha, a white imp and a shadow imp.

Vanquished Creatures
  Crazy Yiuf (D:2)
  Jessica (D:2)
  Natasha (twice) (D:2)
  An adder (D:2)
  An ooze (D:1)
  A worm (D:1)
  A dart slug (D:1)
  3 leopard geckos (D:1)
  3 bats
  4 giant cockroaches
  6 goblins
  7 hobgoblins (D:1)
  5 kobolds (D:1)
  A frilled lizard (D:1)
  4 rats
41 creatures vanquished.

Notes
Turn   | Place    | Note
-------+----------+-------------------------------------------
     0 | D:1      | Pippin the Kobold Wanderer began the quest for the Orb.
     0 | D:1      | Pippin set off with: a +2 leather armour, a +0 quarterstaff, a scroll of teleportation, a meat ration
     0 | D:1      | Reached XP level 1. HP: 14/14 MP: 1/1
   106 | D:1      | Reached XP level 2. HP: 16/19 MP: 2/2
   115 | D:1      | Reached skill level 1 in Staves
   360 | D:1      | Reached XP level 3. HP: 23/23 MP: 3/3
  1734 | D:2      | Noticed Natasha
  1743 | D:2      | Killed Natasha
  1743 | D:2      | Reached XP level 4. HP: 28/28 MP: 4/4
  1860 | D:2      | Noticed Jessica
  1866 | D:2      | Killed Jessica
  1866 | D:2      | Reached XP level 5. HP: 32/32 MP: 5/5
  1935 | D:2      | Noticed Natasha
  1944 | D:2      | Killed Natasha
  2263 | D:2      | Found a runed door.
  2267 | D:2      | Noticed Crazy Yiuf
  2277 | D:2      | Killed Crazy Yiuf
  2305 | D:2      | Noticed Natasha
  2309 | D:2      | Killed from afar by a white imp

Vault maps used:
D:1:      onia_arrival_mini_maze
D:2:      uniq_crazy_yiuf_cottage, uniq_jessica, uniq_natasha

Skill      XL: |  1  2  3  4  5 |
---------------+----------------+-----
Stealth        | 2 3 4 |  4.2
Staves         | 1 2 3 |  3.6
Fighting       | |  3.2
Short Blades   | |  4.0
Dodging        | |  2.4
Shields        | |  1.0

Action                   |  1- 3 |  4- 6 || total
-------------------------+-------+-------++-------
Melee: Quarterstaff      |    95 |    30 ||   125
Throw: Tomahawk          |     3 |     3 ||     6
 Stab: Sleeping          |     3 |     2 ||     5
  Eat: Chunk             |     7 |     6 ||    13
Armor: Leather armour    |    27 |     6 ||    33
Dodge: Dodged            |    75 |    21 ||    96

Table legend:
 A = Spawn XP
 B = Non-spawn XP
 C = Spawn XP percentage of total XP
 D = Spawn monster count
 E = Non-spawn monster count
 F = Spawn count percentage of total count
 G = Total turns spent on level
                    A         B        C        D         E        F      G
               +---------+---------+-------+---------+---------+-------+---------
         Total |      22 |     219 |   9.1 |       6 |      35 |  14.6 |  2309
               +---------+---------+-------+---------+---------+-------+---------
           D:1 |      22 |      45 |  32.8 |       6 |      24 |  20.0 |  1724
           D:2 |       0 |     174 |   0.0 |       0 |      11 |   0.0 |   585
               +---------+---------+-------+---------+---------+-------+---------
